 Dungeon Crawl Stone Soup version 0.18-a0-1773-gec4f98e (webtiles) character file.

185 dobroeutro the Skirmisher (level 5, -2/34 HPs)
             Began as a Gargoyle Fighter on Apr 14, 2016.
             Slain by a river rat (6 damage)
             ... in a sewer.
             The game lasted 00:04:04 (1983 turns).

dobroeutro the Skirmisher (Gargoyle Fighter)        Turns: 1983, Time: 00:04:05

Health: -2/34      AC:  9    Str: 25    XL:     5   Next: 64%
Magic:  5/5        EV:  8    Int:  9    God:
Gold:   105        SH: 10    Dex:  9    Spells: 0 memorised, 4 levels left

rFire  + . .     SeeInvis .     a - +0 flail
rCold  . . .     Gourm    .     o - +0 ring mail "Giuth" {rElec rF+ Str+5} (curse)
rNeg   + . .     Faith    .     c - +0 shield
rPois  ∞         Spirit   .     (no helmet)
rElec  +         Dismiss  .     (no cloak)
rCorr  .         Reflect  .     (no gloves)
SustAt .         Harm     .     (no boots)
MR     .....                    (no amulet)
Stlth  ..........               (no ring)
                                (no ring)

@: flying, not resistant to hostile enchantments, extremely unstealthy
A: negative energy resistance 1, electricity resistance, unbreathing,
petrification resistance, rot immunity, AC +4
a: no special abilities


You were in a sewer.
You were hungry.

You visited 1 branch of the dungeon, and saw 3 of its levels.
You also visited: Sewer.

You collected 105 gold pieces.

Inventory:

Hand Weapons
 a - a +0 flail (weapon)
Armour
 b - a +0 scale mail
 c - a +0 shield (worn)
 o - the cursed +0 ring mail "Giuth" (worn) {rElec rF+ Str+5}
   (You found it in a sewer)

   It affects your strength (+5).
   It protects you from fire.
   It insulates you from electricity.
   It has a curse placed upon it.
Scrolls
 h - 2 scrolls of remove curse
 m - a scroll of fear
 r - a scroll of recharging
Potions
 d - 2 potions of might
 e - a potion of cure mutation
 i - a potion of agility
 n - a potion of curing {unknown}
Comestibles
 f - 2 bread rations
 g - a slice of pizza
 j - a meat ration
 l - a royal jelly
 q - a beef jerky


   Skills:
 + Level 4.4 Fighting
 + Level 3.1 Maces & Flails
 + Level 4.3 Armour
 - Level 0.1 Dodging
 + Level 4.4 Shields


You had 4 spell levels left.
You didn't know any spells.

Dungeon Overview and Level Annotations

Branches:
Dungeon (3/15)

Altars:
Elyvilon


Innate Abilities, Weirdness & Mutations

You are resistant to torment.
Your stone body is resilient (AC +4).
You are immune to poison.
You resist negative energy.
You are resistant to electric shocks.
You can survive without breathing.
You are immune to petrification.
You are immune to rotting.


Message History

You block the rat's attack. The river rat barely misses you.
You block the rat's attack.
The rat twitches its whiskers.
The river rat bites you but does no damage.
The river rat bites you but does no damage.
You enter the shallow water.
Moving in this stuff is going to be slow.
The rat twitches its whiskers.
The rat bites you.
* * * LOW HITPOINT WARNING * * *
You block the river rat's attack.
The rat twitches its whiskers.
You block the river rat's attack. The river rat bites you.
* * * LOW HITPOINT WARNING * * *
You block the river rat's attack.
Drink which item? (? for menu, Esc to quit)
It was a potion of flight.
You feel very buoyant.
You fly up into the air.
The river rat bites you.
You die...

#.....≈≈≈≈≈.≈..#...
##....≈≈≈≈≈.......#
##.......≈≈≈......#
##.......≈≈≈......#
##........≈≈≈......#
#..#......≈≈≈≈.....#
#.###.....≈≈≈≈.....##
#∩###.r.r.≈≈≈.......#
####@rr.r≈≈≈≈≈..##...
##%r...rr†≈..## ...
#......r≈≈≈≈≈## ..#
##.....≈≈≈≈≈≈≈.# ..#
#.......≈≈≈≈≈≈....##
#......≈≈≈≈≈≈≈....#
#......≈≈≈≈≈≈≈....#
##.....≈≈≈≈≈≈≈.....
##....≈≈≈≈≈≈≈.....


You could see 2 river rats and 7 rats.

Vanquished Creatures
  A gnoll (D:1)
  8 adders
  A river rat (Sewer)
  An ooze (D:2)
  2 worms
  A dart slug (D:1)
  7 giant geckos
  A ball python (Sewer)
  4 bats
  3 giant cockroaches
  5 goblins
  8 hobgoblins
  6 jackals
  12 kobolds
  5 giant newts
  14 rats
79 creatures vanquished.

Notes
Turn   | Place    | Note
--------------------------------------------------------------
     0 | D:1      | dobroeutro the Gargoyle Fighter began the quest for the Orb.
     0 | D:1      | Reached XP level 1. HP: 14/14 MP: 1/1
   112 | D:1      | Reached XP level 2. HP: 9/19 MP: 2/2
   252 | D:1      | Reached XP level 3. HP: 17/23 MP: 3/3
   602 | D:2      | Reached XP level 4. HP: 18/28 MP: 4/4
  1346 | D:2      | Found a white marble altar of Elyvilon.
  1396 | D:2      | Reached XP level 5. HP: 33/33 MP: 5/5
  1732 | D:3      | Found a glowing drain.
  1739 | Sewer    | Entered a sewer
  1881 | Sewer    | Got a distressingly furry ring mail
  1892 | Sewer    | Identified the cursed +0 ring mail "Giuth" {rElec rF+ Str+5} (You found it in a sewer)
  1983 | Sewer    | Slain by a river rat

Vault maps used:
D:1:      dpeg_arrival_court, minmay_misc_feat_five,
          hangedman_abyss_or_decor_stabs
D:2:      first_bread, elyvilon_altar_1
D:3:      lemuel_doored_altar, gup_sewer_entry_spiral
Sewer:    sewer_minmay_treatment

Skill      XL: |  1  2  3  4  5 |
---------------+----------------+-----
Armour         | 4 |  4.3
Shields        | 4 |  4.4
Fighting       | 4 |  4.4
Maces & Flails | 3 |  3.1
Dodging        | |  0.1

Action                   |  1- 3 |  4- 6 || total
-------------------------+-------+-------++-------
Melee: Flail             |   151 |   265 ||   416
  Use: Scroll            |       |     8 ||     8
       Potion            |       |     1 ||     1
  Eat: Chunk             |       |     4 ||     4
Armor: Scale mail        |    98 |   110 ||   208
       Ring mail         |       |    43 ||    43
Dodge: Dodged            |    70 |   103 ||   173
Block: Shield            |    89 |   195 ||   284
